[Event "*** Titled Tuesday Blitz"]
[Site "Chess.com"]
[Date "2020.12.01"]
[Round "3"]
[White "sara_khm"]
[Black "tteshan"]
[Result "1-0"]
[WhiteElo "2598"]
[BlackElo "2383"]
[TimeControl "180+1"]
[EndTime "10:29:38 PST"]
[Termination "sara_khm won by resignation"]

1. d4 d5 2. c4 dxc4 3. e3 Nf6 4.
Nf3 Bg4 5. Bxc4 e6 6. Nc3 a6 7. h3 Bh5 8. g4 Bg6 9. Ne5 Nbd7 10.
Nxg6 hxg6 11. Bd2 Nb6 12. Be2 c5 13. dxc5 Bxc5 14. Bf3 Qe7 15. Qe2 Rc8 16. Kf1 O-O 17.
Kg2 Rfd8 18. Rad1 Nbd5 19. Nxd5 Nxd5 20. h4 Ba7 21. h5 g5 22. h6 g6 23. h7+ Kh8 24.
Bxd5 exd5 25. Qf3 d4 26. exd4 Bxd4 27. Ba5 b6 28. Rxd4 Rxd4 29. Bc3 Rxc3 30. Qxc3 Qe4+ 31. f3 Qe2+ 32. Kg3 Qe5+ 33. Kh3 Kxh7 34. Rd1 Rd5 35. Qxe5 Rxe5 36. Rd6 Rb5 37. b3 a5 38. Kg3 Kg7 39.
Rd3 Rc5 40. Rd6 Rc2 41. Rxb6 Rxa2 42. Rb5 Ra3 43. Rxg5 Kf6 44. Rb5 Ke6 45. g5 Ra1 46. Kf4 Ra2 47. Rb6+ Kd5 48. Rb7 Ke6 49. Rb6+ Ke7 50.
Ke5 Re2+ 51. Kd4 Rd2+ 52. Ke3 Rb2 53. Rb5 Ra2 54. Kf4 Ra1 55. Ke5 Re1+ 56. Kd5 Ra1 57.
Rb7+ Kf8 58. Ke5 Re1+ 59. Kf4 Ra1 60. Rb5 Ra2 61. Kg3 Ra1 62. Rb8+ Ke7 63. Ra8 Ke6 64.
b4 Kf5 65. Rxa5+ Rxa5 66. bxa5 Kxg5 67. a6 f5 68. a7 f4+ 69. Kg2 1-0

[Event "*** Titled Tuesday Blitz"]
[Site "Chess.com"]
[Date "2020.12.01"]
[Round "3"]
[White "anasta10"]
[Black "Shubinkirill2003"]
[Result "1/2-1/2"]
[WhiteElo "2431"]
[BlackElo "2704"]
[TimeControl "180+1"]
[EndTime "10:29:39 PST"]
[Termination "Game drawn - insufficient material"]

1. d4 e6 2. c4 Nf6 3. Nc3 Bb4 4. Bd2 O-O 5. Nf3 b6 6. e3 Bb7 7. Bd3 d6 8. O-O Nbd7 9. Rc1 e5 10. Bf5 Re8 11.
Qc2 g6 12. Bh3 e4 13. Ne1 Nh5 14. Nd5 Bxd2 15. Qxd2 Ndf6 16. Nxf6+ Qxf6 17. f3 exf3 18. Nxf3 Re7 19. Rf2 Rae8 20. Rcf1 Qg7 21. Ng5 f6 22.
Nf3 Qh6 23. d5 f5 24. Nd4 Qxe3 25. Ne6 Qxd2 26. Rxd2 Bc8 27. g4 fxg4 28. Bxg4 Ng7 29. Nxg7 Kxg7 30. Bxc8 Rxc8 31. Rdf2 c6 32. dxc6 Rxc6 33.
b3 Rc5 34. Rd1 Rd7 35. Rfd2 Rg5+ 36. Kf2 Rf7+ 37. Ke3 Rf6 38. Rd5 Rg2 39. R1d2 Rxd2 40. Rxd2 Kf7 41. Ke4 Ke6 42. Re2 Rf5 43. Kd4+ Re5 44.
Rf2 Ke7 45. a3 Rh5 46. b4 a5 47. Rb2 Rh3 48. bxa5 bxa5 49. Rb7+ Ke6 50. Ra7 Rxa3 51. Rxh7 Ra2 52. Rg7 Kf5 53. Rf7+ Ke6 54. Rg7 Rg2 55.
Ra7 Rxh2 56. Rxa5 Rh4+ 57. Kd3 Rh5 58. Ra8 Rf5 59. Rg8 Kf6 60. Ke4 Kf7 61. Rh8 Re5+ 62. Kd4 Re8 63. Rh7+ Ke6 64. Rh6 Rg8 65. Rh1 g5 66. Re1+ Kd7 67. c5 dxc5+ 68. Kxc5 g4 69. Kd4 g3 70. Rg1 Ke6 71. Ke4 Rg4+ 72. Kf3 Kf5 73. Rxg3 Rxg3+ 74. Kxg3 1/2-1/2

[Event "*** Titled Tuesday Blitz"]
[Site "Chess.com"]
[Date "2020.12.01"]
[Round "3"]
[White "TrenerChos"]
[Black "hleol"]
[Result "1/2-1/2"]
[WhiteElo "2166"]
[BlackElo "2324"]
[TimeControl "180+1"]
[EndTime "10:29:39 PST"]
[Termination "Game drawn - timeout vs insufficient material"]

1. d4 d5 2. Nf3 Nf6 3. g3 Bf5 4.
Bg2 e6 5. O-O h6 6. c4 c6 7. Nc3 Be7 8. Nd2 O-O 9. e4 dxe4 10.
Ndxe4 Nbd7 11. h3 Nxe4 12. Nxe4 Nf6 13. Nc3 a5 14. Be3 Qc7 15. Qb3 Rfd8 16. d5 cxd5 17.
cxd5 Qd6 18. Rfd1 Qb4 19. dxe6 Bxe6 20. Qxb4 axb4 21. Nb5 Rxa2 22. Rxd8+ Bxd8 23. Rxa2 Bxa2 24. Bxb7 Be7 25. Bg2 Bd5 26. Nd4 Bxg2 27. Kxg2 Nd5 28. Nc6 Nxe3+ 29. fxe3 Bf6 30. b3 Bc3 31. Kf3 Kf8 32.
Ke4 Ke8 33. Kd5 Kd7 34. e4 Be1 35. g4 g6 36. Ne5+ Ke7 37. Nd3 Bd2 38. Ne5 Kf6 39. Nf3 Bc3 40. e5+ Ke7 41. Ng1 h5 42. Ne2 hxg4 43. hxg4 g5 44. Nc1 Bb2 45. Nd3 Bc3 46. Nc5 Be1 47. Ne4 Bc3 48. Nxg5 f6 49. exf6+ Kxf6 50. Ne4+ Kg6 51. Kc4 Be1 52. Kd5 Kh6 53. Ke6 Kg6 54. Nd6 Kg5 55. Kd5 Kxg4 56. Ne4 Kf4 57. Nc5 Ke3 58. Kc4 Bc3 59. Nd3 Ke4 60. Nxb4 Be1 61. Nd5 Ke5 62. Nc3 Kd6 63. b4 Bxc3 64. Kxc3 Kc6 1/2-1/2

[Event "*** Titled Tuesday Blitz"]
[Site "Chess.com"]
[Date "2020.12.01"]
[Round "3"]
[White "Sunnika"]
[Black "GameOverBro"]
[Result "1/2-1/2"]
[WhiteElo "2338"]
[BlackElo "2533"]
[TimeControl "180+1"]
[EndTime "10:29:45 PST"]
[Termination "Game drawn - insufficient material"]

1. d4 d6 2. Nf3 Nf6 3. Nc3 Nbd7 4. Bf4 Nh5 5. Bd2 e5 6. e4 Nhf6 7. Bc4 Be7 8. O-O c6 9. a4 Qc7 10. Qe2 h6 11. Rad1 a6 12. d5 Nf8 13. dxc6 bxc6 14.
h3 Ng6 15. Rfe1 O-O 16. b4 Nh5 17. b5 axb5 18. axb5 Nhf4 19. Qf1 Be6 20. Bb3 c5 21. Bxf4 Nxf4 22. Nd5 Bxd5 23. Bxd5 Nxd5 24. Rxd5 c4 25. Nd2 Ra4 26. Rb1 Rb8 27. Qd1 c3 28. Nf1 Rxe4 29. Ne3 g6 30. Rd3 Qc5 31. Nd5 Bd8 32. Rxc3 Rc4 33.
Rxc4 Qxc4 34. Qd3 Qc5 35. c4 Bb6 36. Rb2 Kf8 37. g3 Ra8 38. Kg2 Ra3 39. Qe2 Kg7 40.
Nxb6 Qxb6 41. Qd2 Ra7 42. Qd5 Rc7 43. Rd2 Kf8 44. Qa8+ Kg7 45. Qd5 Rc5 46. Qxd6 Qxd6 47. Rxd6 Rxc4 48. Rb6 Rb4 49. h4 h5 50. Rb7 Kf6 51. b6 Ke6 52. Rb8 Kf5 53. b7 f6 54.
f3 Rb2+ 55. Kf1 Rb1+ 56. Ke2 Rb3 57. Kd2 e4 58. fxe4+ Kg4 59. Kc2 Rb6 60. Kc3 Kxg3 61.
Kc4 Kxh4 62. Kc5 Rb1 63. Kc6 g5 64. Rg8 g4 65. b8=Q Rxb8 66. Rxb8 g3 67. Rg8 Kh3 68. Kd5 g2 69. Ke6 h4 70. Kxf6 Kh2 71. e5 g1=Q 72. Rxg1 Kxg1 73. e6 h3 74. e7 h2 75. e8=Q h1=Q 76.
Qe1+ Kh2 77. Qxh1+ Kxh1 1/2-1/2

[Event "*** Titled Tuesday Blitz"]
[Site "Chess.com"]
[Date "2020.12.01"]
[Round "3"]
[White "Skatchkov_V"]
[Black "Blackmind96"]
[Result "0-1"]
[WhiteElo "2502"]
[BlackElo "2774"]
[TimeControl "180+1"]
[EndTime "10:29:46 PST"]
[Termination "Blackmind96 won on time"]

1. d4 Nf6 2. c4 d6 3. Nf3 Nbd7 4. Nc3 e5 5. e4 g6 6. g3 Bg7 7. Bg2 exd4 8. Nxd4 O-O 9. O-O Re8 10. Re1 c6 11. h3 a5 12. Be3 Nc5 13. Qc2 a4 14. Rab1 Nfd7 15. b4 axb3 16. axb3 Ne5 17. Red1 h5 18. f4 Ned7 19. Nf3 Bxc3 20. Qxc3 Nxe4 21.
Qe1 Nxg3 22. Qxg3 Rxe3 23. Rxd6 Qe7 24. f5 Nf8 25. fxg6 fxg6 26. Rbd1 Bf5 27. Qf4 Re8 28. Nh4 Re1+ 29. Kh2 Rxd1 30. Nxf5 gxf5 31. Rxd1 Qe5 32. Qxe5 Rxe5 33. b4 Kf7 34. b5 cxb5 35. Bxb7 bxc4 36. Bd5+ Kf6 37. Bxc4 Ng6 38. Rd2 Re3 39. Rd6+ Kg5 40. Rd8 Rc3 41. Bf1 Rc2+ 42. Kg3 h4+ 43. Kf3 Rc3+ 44.
Kf2 Nf4 45. Rg8+ Kf6 46. Rh8 Nxh3+ 47. Bxh3 Rxh3 48. Kg2 Rg3+ 49. Kf2 Kg5 50. Rg8+ Kf4 51. Rh8 Rg4 52. Rh7 Kg5 53. Rg7+ Kh6 54. Rf7 Kg6 55. Rf8 Ra4 56. Rh8 Kg5 57. Rg8+ Kf4 58. Rh8 Ra2+ 59. Kg1 Kg3 60. Rg8+ Kf3 61. Rf8 f4 62. Rh8 Ra1+ 63. Kh2 Kf2 64. Rxh4 f3 65. Rh8 Ra4 66. Rh7 Kf1 67. Rh8 f2 68. Rf8 Re4 69. Rf7 Ke1 0-1

[Event "*** Titled Tuesday Blitz"]
[Site "Chess.com"]
[Date "2020.12.01"]
[Round "3"]
[White "TigrVShlyape"]
[Black "asms9699"]
[Result "1-0"]
[WhiteElo "2849"]
[BlackElo "2594"]
[TimeControl "180+1"]
[EndTime "10:29:48 PST"]
[Termination "TigrVShlyape won by resignation"]

1. d4 d5 2. Nf3 Nf6 3. Bf4 e6 4.
e3 c5 5. c3 Nc6 6. Nbd2 Be7 7.
h4 Bd6 8. Ne5 Qc7 9. Ndf3 Nd7 10. Bb5 O-O 11. Bxc6 bxc6 12. Qa4 Bb7 13. Nxd7 Qxd7 14.
Bxd6 Qxd6 15. Qa3 Rfe8 16. O-O Rab8 17. b3 Qe7 18. Qxc5 Qxc5 19. dxc5 e5 20. Rfe1 Ba6 21. Nd2 Rb5 22. b4 Rbb8 23. e4 d4 24. cxd4 exd4 25.
a3 Bd3 26. Nb3 Rbd8 27. f3 Bc2 28. Nd2 d3 29. Kf2 a5 30. bxa5 Ra8 31. Nc4 Bb3 32.
Nd2 Bc2 33. Nc4 Bb3 34. Nd6 Reb8 35. Ke3 Bc2 36. Nc4 Rb5 37. Kd2 Rxc5 38. Ne3 Rcxa5 39.
Nxc2 dxc2 40. Re3 Rc5 41. Rc1 Rca5 42. Rxc2 Rxa3 43. Rxa3 Rxa3 44. Rxc6 h5 45. Rc2 g6 46. Ke2 Kg7 47. Kf2 Rb3 48. Kg3 Ra3 49. Kf4 Ra4 50. Rc7 Rb4 51. g3 Ra4 52. g4 hxg4 53. fxg4 Rb4 54. h5 gxh5 55. gxh5 Rb5 56. e5 Rb4+ 57.
Kf5 Rb1 58. e6 Rf1+ 59. Kg4 Rg1+ 60. Kh4 Rf1 61. e7 Re1 62. Kg5 Re5+ 63. Kf4 Re1 64. Kf5 Rf1+ 65. Kg5 Rg1+ 66. Kf4 Rf1+ 67. Ke5 Re1+ 68.
Kd6 Rd1+ 69. Kc6 Re1 70. Kd7 Rd1+ 71. Kc8 Re1 72. Kd8 Kh6 73. e8=Q Rxe8+ 74. Kxe8 f5 75. Rf7 Kg5 76. h6 1-0

[Event "*** Titled Tuesday Blitz"]
[Site "Chess.com"]
[Date "2020.12.01"]
[Round "3"]
[White "bascheyaro"]
[Black "banane_verte"]
[Result "1/2-1/2"]
[WhiteElo "2740"]
[BlackElo "2492"]
[TimeControl "180+1"]
[EndTime "10:29:53 PST"]
[Termination "Game drawn - insufficient material"]

1. d4 Nf6 2. Nc3 d5 3. Bf4 Bf5 4. Nb5 Na6 5. e3 e6 6. c4 Bb4+ 7. Nc3 O-O 8. Nf3 Nb8 9. Bd3 Bxd3 10. Qxd3 Nbd7 11. O-O Bd6 12. Bxd6 dxc4 13. Qxc4 cxd6 14. Rac1 Qb6 15. Na4 Qa5 16. Qb3 h6 17. Rc2 Rac8 18. Rfc1 Rxc2 19. Rxc2 b6 20. h3 Qa6 21. Nc3 Rc8 22.
Nb1 Nd5 23. a3 N7f6 24. Nbd2 Rxc2 25. Qxc2 Qe2 26. Qc8+ Kh7 27. Qb7 Kg8 28. Qxa7 Qd1+ 29. Nf1 Ne4 30. Qb8+ Kh7 31. Nh2 Nd2 32. Qxd6 Nf6 33.
Qf4 Qc1 34. b4 Nxf1 35. Nxf1 Qxa3 36. Qd6 b5 37. Qc5 Ne4 38. Qxb5 Qb2 39. Qd3 Qxf2+ 40. Kh2 f5 41. d5 e5 42. d6 Qh4 43. d7 Qd8 44. b5 g6 45. Qd5 Nf6 46. Qd6 Nxd7 47. b6 Qc8 48. Qc7 Qxc7 49. bxc7 Nb6 50. Nd2 Kg7 51. Nc4 Nc8 52. Nxe5 Kf6 53. Nd3 Ke6 54.
Nf4+ Kf6 55. Kg3 g5 56. Nd3 Ke6 57. Kf3 Kd6 58. g4 Ke6 59. Nb4 Kf6 60. Nd5+ Kg6 61. Nb4 fxg4+ 62. Kxg4 h5+ 63. Kf3 Kf5 64. e4+ Ke5 65.
Nd5 g4+ 66. hxg4 hxg4+ 67. Ke3 g3 68. Nf4 Kd6 69. Nd5 Ke5 70. Kf3 g2 71. Kxg2 Kxe4 72.
Ne7 Nxe7 73. Kf2 Nc8 74. Ke2 Ke5 75. Kd2 Kd6 76. Kd3 Kxc7 1/2-1/2

[Event "*** Titled Tuesday Blitz"]
[Site "Chess.com"]
[Date "2020.12.01"]
[Round "3"]
[White "woodhy"]
[Black "Matibar"]
[Result "0-1"]
[WhiteElo "2474"]
[BlackElo "2741"]
[TimeControl "180+1"]
[EndTime "10:30:00 PST"]
[Termination "Matibar won by resignation"]

1. e4 c6 2. d4 d5 3. Nc3 dxe4 4. Nxe4 Bf5 5. Ng3 Bg6 6. h4 h6 7. Nf3 e6 8. Ne5 Bh7 9. Qh5 Qe7 10. Bd3 Nf6 11.
Qf3 Nbd7 12. Bf4 Qb4+ 13. c3 Qxb2 14. O-O Qxc3 15. Nxf7 Qxd3 16. Qxd3 Bxd3 17. Nxh8 Nd5 18. Bd2 Bxf1 19. Kxf1 Be7 20. Re1 Nf8 21. Nh5 Bf6 22.
Nxf6+ Nxf6 23. Bb4 Rd8 24. Bxf8 Kxf8 25. Ng6+ Kf7 26. Ne5+ Kg8 27. Nf3 Rd6 28. a4 Nd5 29. a5 Nc7 30. Rb1 Nb5 31. a6 b6 32. Rb4 Kf8 33.
Ke2 Ke8 34. Ke3 Kd8 35. Ne5 Kc7 36. Rc4 Na3 37. Rc3 Nb5 38. Rc4 c5 39. dxc5 bxc5 40. Nd3 Kb6 41. Nxc5 Rc6 42. Na4+ Kc7 43. Rg4 Kd6 44.
Rxg7 Rxa6 45. Nb2 Ra3+ 46. Kf4 Rc3 47. Rb7 Kc6 48. Rb8 a5 49. Ke5 Rc2 50. Na4 Nc7 51. Rb6+ Kd7 52. Rb7 Kc8 53. Rb6 Re2+ 54. Kd6 Rd2+ 55.
Ke5 Rxf2 56. Nc5 Rf5+ 57. Kd6 Rd5+ 58. Kc6 Rd4 59. Rb1 Rc4 60. Kd6 Ne8+ 61. Ke7 Rxc5 62. Kxe8 a4 63. Ke7 Rc6 64. Rb5 Ra6 65. Rc5+ Kb7 66. Rc2 a3 67. Ra2 Kc6 68. g4 Kd5 69.
Kf6 e5+ 70. Kf5 e4 71. Kf4 Kd4 72. g5 hxg5+ 73. hxg5 e3 74. Kf3 Kd3 75. Ra1 a2 76. g6 Rf6+ 77. Kg4 Rxg6+ 78. Kf5 Ra6 79. Rxa2 Rxa2 80.
Kf4 Rf2+ 81. Kg3 Rf8 0-1

[Event "*** Titled Tuesday Blitz"]
[Site "Chess.com"]
[Date "2020.12.01"]
[Round "3"]
[White "Bulldog167"]
[Black "DinaBelenkaya"]
[Result "0-1"]
[WhiteElo "2609"]
[BlackElo "2402"]
[TimeControl "180+1"]
[EndTime "10:30:01 PST"]
[Termination "DinaBelenkaya won on time"]

1. e4 d5 2. exd5 Qxd5 3. Nc3 Qa5 4. d4 c6 5. Bc4 Nf6 6. Nf3 Bf5 7. Bd2 e6 8. Nd5 Qd8 9. Nxf6+ Qxf6 10. c3 Nd7 11. O-O Bd6 12. Bg5 Qg6 13. Bh4 Bg4 14. Bg3 Bxg3 15. fxg3 O-O 16. Qd2 Qh5 17. h3 Bxf3 18.
Rxf3 Rad8 19. Qf2 a5 20. Rf1 b5 21. Bd3 a4 22. Rf4 h6 23. g4 Qg5 24. Rxf7 Nf6 25. Rxf8+ Rxf8 26. Qe2 Qd5 27. Re1 Re8 28.
a3 Kh8 29. Bg6 Re7 30. Qf2 Qg5 31. Be4 Nd5 32. Bxd5 cxd5 33. Re5 Qf6 34. Qe2 Qf4 35. Qe3 Qxe3+ 36. Rxe3 Kg8 37. Kf2 g5 38. Kg3 Kf7 39. h4 Re8 40. Re1 Ke7 41. hxg5 hxg5 42. Rh1 Kd6 43.
Rh5 Rg8 44. Kf3 Rg6 45. Ke3 e5 46. dxe5+ Kxe5 47. Rh8 Re6 48. Rf8 Kd6+ 49. Kd3 Re4 50. Rf6+ Kc5 51. Rf2 Rxg4 52. Re2 Rg3+ 53. Kc2 Kc4 54.
Rd2 Re3 55. Rd4+ Kc5 56. Rg4 Re2+ 57. Kc1 Re5 58. Kd2 Rf5 59. Ke2 Re5+ 60. Kd3 Rf5 61.
Rg3 Rf2 62. Rxg5 Rxb2 63. g4 Ra2 64. Rg8 Rxa3 65. Rc8+ Kd6 66. Kd4 Ra1 67. Rd8+ Ke6 68. Ra8 a3 69. g5 a2 70. Kc5 b4 71. g6 b3 72. g7 Rg1 73. Ra6+ Ke5 74. Rxa2 bxa2 0-1

[Event "*** Titled Tuesday Blitz"]
[Site "Chess.com"]
[Date "2020.12.01"]
[Round "3"]
[White "GoltsevDmitry2000"]
[Black "anon481216"]
[Result "1-0"]
[WhiteElo "2638"]
[BlackElo "2399"]
[TimeControl "180+1"]
[EndTime "10:30:03 PST"]
[Termination "GoltsevDmitry2000 won by resignation"]

1. e4 c5 2. Nf3 Nf6 3. e5 Nd5 4. b3 Nc6 5. Bb2 g6 6. e6 f6 7. exd7+ Qxd7 8. d4 cxd4 9. Nxd4 Nxd4 10. Qxd4 e5 11.
Qe4 Bg7 12. Nc3 Nxc3 13. Bxc3 O-O 14. Bc4+ Kh8 15. Rd1 Qc7 16. Bb4 Bf5 17. Qe2 Rfd8 18. O-O Rxd1 19. Rxd1 Rd8 20. g4 Bc8 21. h3 Rxd1+ 22.
Qxd1 Bd7 23. Qd5 Qc8 24. Be7 f5 25. g5 Bc6 26. Qf7 Qe8 27. Qxe8+ Bxe8 28. Bd5 b6 29. f3 h6 30. h4 hxg5 31. hxg5 Bd7 32. c4 e4 33.
fxe4 Bd4+ 34. Kg2 fxe4 35. Bxe4 Kg7 36. Kf3 Kf7 37. Bd6 Be6 38. Kf4 Bd7 39. Be5 Bc5 40.
Bd5+ Kf8 41. Bf6 a5 42. Ke5 a4 43. Be4 axb3 44. axb3 Kf7 45. Bd5+ Kf8 46. Ke4 Be8 47. Kf3 Bd7 48. Ke2 Bf5 49. Kd2 Bb4+ 50. Bc3 Be7 51.
b4 Bxg5+ 52. Ke2 Be7 53. b5 Bc5 54. Kf3 Ke7 55. Be5 Bd3 56. Kg4 Kf8 57. Kg5 Be3+ 58.
Bf4 Bc5 59. Kf6 Bd4+ 60. Ke6 Bf5+ 61. Kd6 Bc5+ 62. Kc6 Bd4 63. Bc7 g5 64. Bxb6 Be5 65. Bc5+ Ke8 66. b6 Kd8 67. b7 Bd7+ 68. Kb6 Bc7+ 69.
Ka7 g4 70. Bb6 Bxb6+ 71. Kxb6 Ke7 72. b8=Q g3 73. Qxg3 1-0

[Event "*** Titled Tuesday Blitz"]
[Site "Chess.com"]
[Date "2020.12.01"]
[Round "3"]
[White "glebus008"]
[Black "Gerasimenyuk_Miha"]
[Result "0-1"]
[WhiteElo "2228"]
[BlackElo "2411"]
[TimeControl "180+1"]
[EndTime "10:30:06 PST"]
[Termination "Gerasimenyuk_Miha won by checkmate"]

1. e4 d5 2. exd5 Qxd5 3. Nc3 Qa5 4. d4 Nf6 5. Nf3 Nc6 6. h3 Bf5 7. g4 Bg6 8. Bb5 O-O-O 9. Bxc6 bxc6 10. Ne5 Qb6 11. Ne2 c5 12. c3 e6 13. Qb3 cxd4 14. Nxd4 Bc5 15. Be3 Bxd4 16. Bxd4 Rxd4 17. Qxb6 axb6 18.
cxd4 Be4 19. f3 Bd5 20. Nxf7 Rf8 21. Ne5 Nd7 22. O-O Nxe5 23. dxe5 Rf4 24. Kg2 Rb4 25. b3 Kd7 26. Kg3 c5 27. Rad1 Ke7 28. f4 c4 29. bxc4 Rxc4 30. Rd3 h6 31. Rf2 Rc1 32.
f5 Rg1+ 33. Kf4 Re1 34. Rxd5 exd5 35. Rb2 Re4+ 36. Kf3 Rxe5 37. Rxb6 d4 38. Rb7+ Kf6 39.
Rb6+ Kf7 40. Rd6 Re3+ 41. Kf4 Rxh3 42. Rxd4 Ra3 43. Rd2 Kf6 44. Rd6+ Ke7 45. Rd2 Ra4+ 46. Kf3 Kf6 47. Rd6+ Ke5 48. Re6+ Kd5 49. Rg6 Ra7 50. a4 Ke5 51. a5 Rxa5 52. Rxg7 Ra3+ 53. Kg2 Kf4 54. Rg6 Ra2+ 55. Kf1 Kf3 56. Ke1 Ra4 57. f6 Rf4 58. Kd2 Ke4 59. Rxh6 Rxg4 60. Kc3 Ke5 61. Kd3 Rf4 62. Ke3 Rf5 63. Ke2 Ke6 64.
Ke3 Kf7 65. Ke2 Re5+ 66. Kd2 Re6 67. Kc2 Re8 68. Kd2 Ke6 69. Kd3 Kf5 70. Kd2 Kg5 71. f7 Rd8+ 72. Ke3 Kxh6 73. Ke4 Kg7 74. Ke5 Kxf7 75.
Kf5 Rd5+ 76. Ke4 Ke6 77. Ke3 Ke5 78. Kf3 Rd3+ 79. Ke2 Ke4 80. Kf2 Re3 81. Kg2 Rf3 82. Kh2 Ke3 83. Kg2 Ke2 84. Kh2 Kf2 85. Kh1 Rh3# 0-1

[Event "*** Titled Tuesday Blitz"]
[Site "Chess.com"]
[Date "2020.12.01"]
[Round "3"]
[White "azikom"]
[Black "Andreikka"]
[Result "1/2-1/2"]
[WhiteElo "2630"]
[BlackElo "2877"]
[TimeControl "180+1"]
[EndTime "10:30:10 PST"]
[Termination "Game drawn - insufficient material"]

1. Nf3 d5 2. c4 e6 3. d4 Nf6 4. e3 Be7 5. Nbd2 b6 6. b3 Bb7 7. Bb2 Nbd7 8. Bd3 O-O 9. O-O c5 10.
cxd5 Nxd5 11. Nc4 cxd4 12. Bxd4 Rc8 13. Rc1 Nc5 14. Bb1 Bf6 15. Bxf6 Qxf6 16. Nd6 Rcd8 17. Nxb7 Nxb7 18. Qc2 g6 19. Rfd1 Nc5 20. Qc4 Nc3 21.
Rxd8 Rxd8 22. h3 Nxb1 23. Rxb1 Qf5 24. Rc1 a5 25. Qc2 Qd5 26. Nd4 e5 27. Ne2 Qd2 28. Nc3 Kg7 29. g3 f5 30. Kg2 h5 31. h4 e4 32. Ne2 Qxc2 33. Rxc2 Rd1 34. Nf4 Kf6 35. Rc4 Ra1 36. b4 Nd3 37. bxa5 Ne1+ 38. Kh3 bxa5 39.
Rc6+ Kf7 40. Rc7+ Ke8 41. Nxg6 Nf3 42. g4 fxg4+ 43. Kg3 Rxa2 44. Ra7 a4 45. Nf4 a3 46. Nxh5 Ra1 47. Nf6+ Kd8 48. h5 a2 49. Kf4 g3 50.
fxg3 Nd2 51. Kg5 Nf3+ 52. Kg6 Ne5+ 53. Kg7 Nc6 54. Ra6 Nb4 55. Ra4 Rh1 56. h6 a1=Q 57.
Rxa1 Rxa1 58. h7 Rh1 59. h8=Q+ Rxh8 60. Kxh8 Nc2 61. Nxe4 Nxe3 62. g4 Ke7 63. g5 Nf5 64. Kh7 Kf7 65. g6+ Kf8 66. Ng3 Ng7 67. Ne2 Nf5 68.
Nf4 Ng7 69. Ne2 Nf5 70. Ng3 Ng7 71. Kh8 Ne6 72. Nh5 Ke7 73. Nf4 Nxf4 74. g7 Ng6+ 75. Kh7 Nf8+ 76. Kh6 Kf7 77. gxf8=Q+ Kxf8 1/2-1/2

[Event "*** Titled Tuesday Blitz"]
[Site "Chess.com"]
[Date "2020.12.01"]
[Round "3"]
[White "Lion-Al-Messi"]
[Black "Alexsur1981"]
[Result "1-0"]
[WhiteElo "2588"]
[BlackElo "2819"]
[TimeControl "180+1"]
[EndTime "10:30:11 PST"]
[Termination "Lion-Al-Messi won by checkmate"]

1. d4 d6 2. e4 Nf6 3. Nc3 e5 4.
Nf3 Nbd7 5. Be2 Be7 6. O-O O-O 7. Re1 c6 8. h3 b5 9. a3 Bb7 10. Be3 a5 11. b4 Re8 12. Qd2 Bf8 13. Rad1 axb4 14.
axb4 exd4 15. Nxd4 g6 16. Nb3 Qc7 17. Na5 Rad8 18.
Bg5 Ba8 19. Qf4 Re6 20. Bg4 Nxg4 21. Bxd8 Qxd8 22. hxg4 Ne5 23. Nb3 Qh4 24. Nd4 Rf6 25.
Qg3 Qxg3 26. fxg3 Nxg4 27. Nf3 Re6 28. Ne2 Bb7 29. Ned4 Re8 30. Ra1 Bg7 31. Ra7 Rb8 32. Nb3 Bc3 33. Na5 Bxe1 34. Nxe1 Ba8 35. Nd3 Nf6 36.
e5 Ne8 37. exd6 Nxd6 38. Ne5 Rc8 39. Nd7 Rd8 40. Nb6 Bb7 41. Nxb7 Nxb7 42. Rxb7 Rd1+ 43.
Kh2 Rd2 44. Rb8+ Kg7 45. Rc8 Rxc2 46. Nd7 Rc4 47. Ne5 Rxb4 48. Rxc6 Re4 49. Rc5 b4 50. Rb5 Rd4 51. Nc6 Rd1 52. Rxb4 h5 53. Ne5 Rd5 54. Nf3 Rd7 55. Kg1 Rc7 56. Kf2 f6 57. Rb6 Rc2+ 58. Kg1 Rc7 59. Nd4 Rd7 60. Ne6+ Kf7 61. Nc5 Re7 62.
Nb7 g5 63. Nd6+ Kg6 64. Kf2 Rd7 65. Ne4 Rf7 66. Kf3 Rf8 67. Rd6 Rf7 68. g4 Rf8 69. gxh5+ Kxh5 70. Rxf6 Rh8 71. Rf5 Rg8 72. Rxg5+ Rxg5 73.
Nxg5 Kxg5 74. Kg3 Kh5 75. Kf4 Kg6 76. Kg4 Kh6 77. Kf5 Kg7 78. Kg5 Kf7 79. Kh6 Kf6 80.
g4 Kf7 81. g5 Kg8 82. Kg6 Kh8 83. Kf7 Kh7 84. g6+ Kh6 85. g7 Kh5 86. g8=Q Kh4 87. Qg2 Kh5 88. Qg3 Kh6 89. Qg6# 1-0

[Event "*** Titled Tuesday Blitz"]
[Site "Chess.com"]
[Date "2020.12.01"]
[Round "3"]
[White "Loy_Konstantin"]
[Black "Michaelson_11"]
[Result "0-1"]
[WhiteElo "2371"]
[BlackElo "2165"]
[TimeControl "180+1"]
[EndTime "10:30:15 PST"]
[Termination "Michaelson_11 won on time"]

1. e4 c5 2. Nf3 Nc6 3. Nc3 g6 4. d4 cxd4 5. Nxd4 Bg7 6. Be3 Nf6 7. Bc4 O-O 8. Bb3 Re8 9. h3 e6 10. O-O d5 11. exd5 Nxd5 12. Nxd5 exd5 13. c3 Na5 14. Qd2 Nxb3 15. Nxb3 Be6 16. Bd4 Qh4 17. Bxg7 Kxg7 18. Qd4+ Qxd4 19. Nxd4 a6 20. Rfe1 Rac8 21. Rad1 Kf6 22. f3 Bd7 23. Kf2 Rxe1 24. Rxe1 Re8 25. Rxe8 Bxe8 26. Ke3 Bd7 27. f4 Ke7 28. h4 Kd6 29. Nf3 f6 30. Kd4 Bb5 31. Ne1 h5 32.
Nc2 Be2 33. Ne3 Ke6 34. Nxd5 Kf5 35. Ke3 Bc4 36. Ne7+ Kg4 37. Nxg6 Bxa2 38. Ne7 Kxh4 39. Kf2 Kg4 40. g3 Be6 41. b4 Kh3 42. Ng6 Kg4 43.
Nh4 Bd5 44. Ng6 Bf7 45. Nf8 Kf5 46. Nd7 Bd5 47. Nc5 Bc6 48. Ke3 Kg4 49. Kf2 Kf5 50.
Nb3 h4 51. gxh4 Kxf4 52. Nd4 Kg4 53. Ke3 Kxh4 54. Kf4 Kh3 55. Kf5 Bd5 56. Kxf6 Kg2 57. Ke5 Ba2 58. Kd6 Kf2 59. Kc7 Ke3 60. Kxb7 Bc4 61. Kb6 Kd3 62. Kc5 Kxc3 63. Nc6 Bb5 64. Na5 Bf1 65. Nb7 Be2 66. Nd6 Bf1 67.
Ne4+ Kd3 68. Nf6 Kc3 69. Nd5+ Kb3 70. Ne3 Be2 71. Nf5 Ka4 72. Nd4 Bf1 73. Nc2 Kb3 74. Ne3 Bb5 75. Nd5 Bf1 76. Nc7 Be2 77. Ne6 Ka4 78.
Nd4 Bf1 0-1

[Event "*** Titled Tuesday Blitz"]
[Site "Chess.com"]
[Date "2020.12.01"]
[Round "3"]
[White "DanilNajdin"]
[Black "Taktikmonster"]
[Result "0-1"]
[WhiteElo "2364"]
[BlackElo "2225"]
[TimeControl "180+1"]
[EndTime "10:30:25 PST"]
[Termination "Taktikmonster won on time"]

1. e4 c5 2. Nf3 d6 3. Bb5+ Nd7 4. c3 Nf6 5. O-O Nxe4 6. Re1 Nf6 7. d4 a6 8. Bf1 e6 9. d5 e5 10. a4 Be7 11. Nbd2 O-O 12. Nc4 Nb6 13. Nxb6 Qxb6 14. a5 Qc7 15. Bg5 Bg4 16. Ra4 Qd7 17. b3 Qf5 18.
Bd3 Bxf3 19. Bxf5 Bxd1 20. Rxd1 Nxd5 21. Rxd5 Bxg5 22. Rxd6 Rfd8 23. Rxd8+ Rxd8 24. g3 Rd1+ 25. Kg2 Rc1 26. Rc4 g6 27. Be4 Bd2 28. Rxc5 Rxc3 29. Rxc3 Bxc3 30. Bxb7 Bxa5 31. Bxa6 Kf8 32. Kf3 Ke7 33.
Ke4 Kd6 34. Bc4 f5+ 35. Kd3 h6 36. f3 g5 37. h3 Bb4 38. g4 fxg4 39. fxg4 Ke7 40.
Ke4 Kd6 41. Bg8 Bc3 42. Kd3 Bb4 43. Kc4 Bc5 44. b4 Bb6 45. Bd5 Bd4 46. b5 Bb6 47. Bc6 Ba7 48. Kd3 Bb6 49. Ke4 Bd4 50. Kf5 Be3 51.
Kg6 Kc5 52. Kxh6 Kd6 53. Kg6 Bd2 54. Kf5 Be3 55. Ke4 Bb6 56. Kd3 Bc5 57. Kc4 Bb6 58. Be4 Bc5 59. Bf5 Bb6 60. Be4 Bc5 61. Bb7 Bb6 62.
Kd3 Bc5 63. Bc6 Bb6 64. Ke4 Bc5 65. Kf5 Be3 66. Kg6 Bd2 67. Kh5 Be3 68. h4 gxh4 69. Kxh4 Ke7 70. Kg3 Kf6 71. Kf3 Bc5 72. Ke4 Kg5 73. Bd7 Bd4 74. Bf5 Kf6 75. Kd5 Kg5 76. Ke4 Kf6 77. Bc8 Kg5 78. Kd5 Kf6 79. Bd7 Kg5 80.
Ke4 Kf6 81. Kd5 Kg5 82. Bc8 Kf6 83. Kc6 e4 84. Kd5 e3 85. Kxd4 e2 86. Ba6 e1=Q 0-1

[Event "*** Titled Tuesday Blitz"]
[Site "Chess.com"]
[Date "2020.12.01"]
[Round "3"]
[White "Shockerlover"]
[Black "MarceloPlaya"]
[Result "1-0"]
[WhiteElo "1887"]
[BlackElo "2264"]
[TimeControl "180+1"]
[EndTime "10:30:26 PST"]
[Termination "Shockerlover won on time"]

1. d4 e6 2. Nf3 Nf6 3. c4 Bb4+ 4.
Bd2 Bxd2+ 5. Qxd2 O-O 6. Nc3 d5 7. e3 Qe7 8. Bd3 Rd8 9. O-O dxc4 10. Bxc4 c5 11. Rfd1 Nc6 12. Qe2 Bd7 13. Rac1 cxd4 14. Nxd4 Nxd4 15. exd4 Rac8 16. Bb3 a6 17. d5 Qe8 18. d6 Bc6 19. Qe5 Nd7 20. Qg3 Nc5 21.
Bc4 b5 22. Be2 Ba8 23. Rd4 Rd7 24. Rcd1 Rcd8 25. Rg4 f5 26. Rgd4 e5 27. R4d2 f4 28.
Qg4 Qf8 29. b4 Ne4 30. Nxe4 Bxe4 31. Qe6+ Kh8 32. Qxe5 Bg6 33. Bg4 Re8 34. Qc5 Rdd8 35. d7 Re7 36. Qc6 Bf5 37. Bxf5 Qxf5 38. Qxa6 f3 39.
gxf3 h6 40. Qd6 Qf8 41. f4 Rdxd7 42. Qc5 Qe8 43. Rxd7 Rxd7 44. Rxd7 Qxd7 45. Qe5 Qg4+ 46. Kf1 Qd1+ 47. Kg2 Qg4+ 48. Kf1 Qh3+ 49. Ke2 Qxh2 50. Qe8+ Kh7 51. Qe4+ Kg8 52. Qe8+ Kh7 53. Qe4+ g6 54. Qe7+ Kh8 55. Qf6+ Kh7 56. Qf7+ Kh8 57. Qxg6 Qxf4 58. Qe8+ Kh7 59. Qe7+ Kg6 60. Qe8+ Kg5 61. Qe3 Kf5 62. Qxf4+ Kxf4 63. Kd3 h5 64. a4 h4 65. axb5 Ke5 66. b6 Kd6 67. b7 Kc7 68. b8=Q+ Kxb8 69. Ke4 Kc7 70. Kf4 Kb6 71. Kg4 Kb5 72. Kxh4 Kxb4 73. f4 Kc5 74. Kg5 Kd6 75. Kg6 Ke7 76. Kg7 Ke6 77.
Kg6 Ke7 78. f5 Ke8 79. Kg7 Ke7 80. f6+ Ke6 81. f7 1-0